 Dungeon Crawl Stone Soup version 0.29-a0-370-gb5314be063 (webtiles) character file.

Game seed: 14293843684561139981

148 Colgate the Sneak (level 5, 30/30 HPs)
             Began as a Kobold Brigand on May 2, 2022.
             Was a Believer of Nemelex Xobeh.
             Got out of the dungeon alive.
             The game lasted 00:04:21 (4513 turns).

Colgate the Sneak (Kobold Brigand)                  Turns: 4513, Time: 00:04:22

Health: 30/30      AC:  3    Str:  9    XL:     5   Next: 56%
Magic:  5/5        EV: 14    Int: 12    God:    Nemelex Xobeh [**....]
Gold:   158        SH:  0    Dex: 18    Spells: 4/4 levels left

rFire   . . .      SeeInvis .   a - +3 dagger (flame)
rCold   . . .      Faith    .   (no shield)
rNeg    . . .      Spirit   .   b - +0 robe
rPois   .          Reflect  .   (no helmet)
rElec   .          Harm     .   c - +0 cloak
rCorr   +          Rampage  .   (no gloves)
Will    .....                   (no boots)
Stlth   +++++.....              (no amulet)
HPRegen 0.10/turn               g - ring of resist corrosion
MPRegen 0.09/turn               (no ring)

@: no status effects
A: small, no large weapons, nightstalker 3
a: Renounce Religion, Draw Escape, Draw Destruction, Draw Summoning


You escaped.
You worshipped Nemelex Xobeh.
Nemelex Xobeh was pleased with you.
You visited 1 branch of the dungeon, and saw 4 of its levels.

You collected 158 gold pieces.

Inventory:

Hand Weapons
 a - a +3 dagger of flaming (weapon)
 k - a +2 dagger
 u - a +0 rapier
Missiles
 d - 9 poisoned darts (quivered)
 e - 3 curare-tipped darts
 p - a throwing net {!f}
Armour
 b - a +0 robe (worn)
 c - a +0 cloak (worn)
Magical Staves
 r - a staff of air
Jewellery
 g - a ring of resist corrosion (left hand)
Scrolls
 h - 2 scrolls of teleportation {@r3}
 l - a scroll of amnesia {unknown}
 m - a scroll of acquirement {unknown}
 q - a scroll of enchant armour {unknown}
 s - a scroll of enchant weapon
 t - a scroll of identify {unknown}
Potions
 f - a potion of brilliance {unknown}
 i - a potion of lignification {unknown}
 j - a potion of invisibility {unknown}
 n - 4 potions of haste {unknown}
 o - a potion of might {unknown}


   Skills:
 - Level 2.1 Fighting
 - Level 6.0 Short Blades
 - Level 2.1 Throwing
 - Level 1.2 Dodging
 + Level 6.7 Stealth


You had 4 spell levels left.
You didn't know any spells.
Your spell library contained the following spells:

 Spells                   Type           Power      Damage    Failure   Level
 Corpse Rot               Necr/Air       0%         N/A       45%         2
 Poisonous Vapours        Pois/Air       0%         N/A       45%         2


Dungeon Overview and Level Annotations

Branches:
Dungeon (4/15)
 Temple: D:4-7

Altars:
Nemelex Xobeh

Annotations:
D:3 2 transporters, LetschGu's ghost, amateur SpAM


Innate Abilities, Weirdness & Mutations

You are small and have problems with some larger weapons.
You are completely attuned to the shadows.


Message History

No target in view!
Partly explored, unvisited transporter.
No target in view!
Partly explored, unvisited transporter.
No target in view!
Partly explored, unvisited transporter.
No target in view!
Partly explored, unvisited transporter.
No target in view!
Partly explored, unvisited transporter.
(D) Dungeon
Where to? (Enter - D:3, ? - help)
There is an open door here.
There is a stone staircase leading down here.
You climb downwards.
You hear the hiss of flowing sand.
There is an entrance to an ossuary on this level.
Hurry and find it before the portal is buried!
There is a stone staircase leading up here.
No target in view!
Found a great mace.
Okay, then.
(D) Dungeon
Where to? (Enter - D:4, ? - help)
What level of the Dungeon? (default 1, ? - help)
There is a stone staircase leading up here.
You climb upwards.
Level annotation: 2 transporters, LetschGu's ghost, amateur SpAM
There is a stone staircase leading down here.
There is a stone staircase leading up here.
You climb upwards.
There is a stone staircase leading down here.
There is a stone staircase leading up here.
You climb upwards.
There is a stone staircase leading down here.
Things that are here:
4 stones; a +0 short sword
There is an open door here.
There is a staircase leading out of the dungeon here.
Are you sure you want to leave the Dungeon?
This will make you lose the game!
You have escaped!

#.##.......######.#
#.###...........#.#
###.###...........#.#
.....##...........#.#
###.########+######.#############
#.# #.........#........##..
#.##### #+####'####+#......##..
###.....# #...........#......+...
........########@######......##..
######.........###......#######..
..#..........#.....#.#### #..
.........#...#.#####.# #..
#######..#...#.#####.##########..
.....)#......#.#...............(.
#####.#.#.####.#.................
#####.#.#.## #.#.................
#..........# #.#................#


There were no monsters in sight!

Vanquished Creatures
  4 gnolls (D:2)
  3 adders (D:2)
  A worm (D:2)
  3 dart slugs
  An orc (D:3)
  8 endoplasms
  5 goblins (D:1)
  2 hobgoblins
  10 jackals
  5 kobolds
  4 quokkas
  6 ball pythons (D:2)
  6 bats
  7 frilled lizards
  7 rats
72 creatures vanquished.

Notes
Turn   | Place    | Note
-------+----------+-------------------------------------------
     0 | D:1      | Colgate the Kobold Brigand began the quest for the Orb.
     0 | D:1      | Reached XP level 1. HP: 12/12 MP: 1/1
   194 | D:1      | Reached XP level 2. HP: 17/17 MP: 2/2
   574 | D:1      | Reached XP level 3. HP: 10/21 MP: 3/3
  1069 | D:1      | Found a faded altar of an unknown god.
  1074 | D:1      | Prayed at the altar of an unknown god.
  1074 | D:1      | Became a worshipper of Nemelex Xobeh the Trickster
  1074 | D:1      | Reached * piety under Nemelex Xobeh
  1302 | D:1      | Reached skill level 5 in Short Blades
  1303 | D:1      | Received a gift from Nemelex Xobeh
  1791 | D:2      | Reached XP level 4. HP: 26/26 MP: 4/4
  2261 | D:2      | Reached XP level 5. HP: 30/30 MP: 5/5
  3259 | D:2      | Reached ** piety under Nemelex Xobeh
  3478 | D:3      | Found a transporter.
  3478 | D:3      | Noticed LetschGu's ghost (amateur SpAM)
  3481 | D:3      | Noticed a water moccasin
  3523 | D:3      | Found a transporter.
  3865 | D:3      | Received a gift from Nemelex Xobeh
  4513 | D:$      | Got out of the dungeon alive.

Illustrated notes

Levels and vault maps discovered:
D:1:      minmay_arrival_three_doors, layout_basic,
          ebering_ecumenical_altar_box, chequers_serial_rivers_micro_e
D:2:      layout_basic
D:3:      layout_basic, gammafunk_ghost_arena, grunt_decor_arrowhead
D:4:      layout_basic, lightli_ossuary_entry_decrepit_ruins, uniq_ijyb

Skill      XL: |  1  2  3  4  5 |
---------------+----------------+-----
Short Blades   | 3 4 5 6 |  6.0
Stealth        | 6 |  6.7
Fighting       | |  2.1
Throwing       | |  2.1
Dodging        | |  1.2

Action                   |  1- 3 |  4- 6 || total
-------------------------+-------+-------++-------
Melee: Dagger            |    66 |    98 ||   164
       Punch             |     1 |       ||     1
  Use: Scroll            |       |     3 ||     3
 Stab: Sleeping          |    19 |    21 ||    40
       Distracted        |       |     1 ||     1
Armor: Robe              |    12 |    14 ||    26
Dodge: Dodged            |    34 |    39 ||    73

Table legend: (Time is in decaauts)
 A = Elapsed time spent in this place.
 B = Non-inter-level travel time spent in this place.
 C = Inter-level travel time spent in this place.
 D = Time resting spent in this place.
 E = Time spent auto-exploring this place.
 F = Levels seen in this place.
 G = Mean time per level.
                   A        B        C        D        E       F      G
               +--------+--------+--------+--------+--------+-----+--------+
         Total |   4472 |   4018 |    454 |      2 |   3558 |   4 | 1118.0 |
       Dungeon |   4472 |   4018 |    454 |      2 |   3558 |   4 | 1118.0 |
               +--------+--------+--------+--------+--------+-----+--------+

Top non-repeatable levels by time:
     D:1: 1793 daAuts
     D:2: 1681 daAuts
     D:3: 971 daAuts
     D:4: 25 daAuts
